 Dungeon Crawl Stone Soup version 0.26.0-10-g1f06aea511 (webtiles) character file.

Game seed: 642437917347062694

109 Borgoz the Ducker (level 4, -2/37 HPs)
             Began as a Ghoul Gladiator on Jan 15, 2021.
             Killed from afar by an orc wizard (5 damage)
             ... with a magic dart
             ... on level 3 of the Dungeon.
             The game lasted 00:02:42 (1985 turns).

Borgoz the Ducker (Ghoul Gladiator)                 Turns: 1985, Time: 00:02:43

Health: -2/37      AC:  7    Str: 17    XL:     4   Next: 90%
Magic:  0/3        EV: 12    Int:  3    God:
Gold:   129        SH:  0    Dex: 11    Spells: 3/3 levels left

rFire    . . .     SeeInvis .   a - +0 long sword
rCold    + . .     Faith    .   (no shield)
rNeg     + + +     Spirit   +   m - +0 ring mail
rPois    ∞         Reflect  .   c - +0 helmet
rElec    .         Harm     .   (no cloak)
rCorr    .         Rampage  .   (no gloves)
Will     .....                  p - +0 pair of boots
Stlth    +.........             b - amulet of guardian spirit
HPRegen  0.00/turn              (no ring)
MPRegen  0.08/turn              (no ring)

@: no status effects
A: claws 1, cold resistance 1, negative energy resistance 3, inhibited
regeneration, torment resistance, unbreathing
a: no special abilities


You were on level 3 of the Dungeon.
You visited 1 branch of the dungeon, and saw 3 of its levels.

You collected 129 gold pieces.

Inventory:

Hand Weapons
 a - a +0 long sword (weapon)
Missiles
 d - a throwing net (quivered)
Armour
 c - a +0 helmet (worn)
 m - a +0 ring mail (worn)
 p - a +0 pair of boots (worn)
Jewellery
 b - an amulet of guardian spirit (around neck)
 r - an uncursed ring of see invisible {unknown}
Scrolls
 g - a scroll of enchant armour {unknown}
 h - 2 scrolls of blinking {unknown}
 i - 2 scrolls of remove curse {unknown}
 k - 4 scrolls of identify {unknown}
 l - a scroll of fear {unknown}
 q - a scroll of teleportation {unknown}
Potions
 j - a potion of haste {unknown}


   Skills:
 + Level 2.8 Fighting
 * Level 3.4 Long Blades
 - Level 1.7 Throwing
 * Level 1.8 Armour
 * Level 3.5 Dodging


You had 3 spell levels left.
You didn't know any spells.
Your spell library was empty.

Dungeon Overview and Level Annotations

Branches:
Dungeon (3/15)

Altars:
Gozag
Kikubaaqudgha
Nemelex Xobeh
Xom


Innate Abilities, Weirdness & Mutations

You thrive by killing the living.
You are immune to poison.
You have sharp fingernails.
Your flesh is cold resistant. (rC+)
You are immune to negative energy. (rN+++)
You do not regenerate when monsters are visible.
You are immune to unholy pain and torment.
You can survive without breathing.


Message History

The orc wizard casts a spell at itself.
The orc wizard flickers and vanishes!
Deactivating autopickup; reactivate with Ctrl-A.
Something wriggles in the net.
It was a potion of flight.
You feel very buoyant.
You fly up into the air.
Something wriggles in the net.
It was a potion of lignification.
You feel woody for a moment.
Something wriggles in the net.
It was a potion of brilliance.
You feel clever all of a sudden.
Something wriggles in the net.
All of a sudden the net rips apart!
It was a potion of cancellation.
Your magical effects are unravelling.
You feel magically purged.
You float gracefully downwards.
You feel a little less clever now.
You hear some strange, mumbled words.
A magic dart appears from out of thin air!
The magic dart hits you.
You die...

.......$.#
.........#
.........###
...........##
o........(.(##
#....<.(...#
#.....()...#
#.......){)#
#.......(@.#
....$.......#
^###.......!##
#........#
...........
......[....#
#..........#
........[#


There were no monsters in sight!

Vanquished Creatures
  An orc priest (D:3)
  4 worms
  A dart slug (D:1)
  2 leopard geckos
  3 orcs (D:3)
  2 ball pythons (D:1)
  12 goblins
  4 hobgoblins
  6 jackals
  7 kobolds
  5 bats
  7 frilled lizards
  7 rats
61 creatures vanquished.

Vanquished Creatures (others)
  A plant (D:2)
1 creature vanquished.

Grand Total: 62 creatures vanquished

Notes
Turn   | Place    | Note
-------+----------+-------------------------------------------
     0 | D:1      | Borgoz the Ghoul Gladiator began the quest for the Orb.
     0 | D:1      | Reached XP level 1. HP: 17/17 MP: 0/0
    34 | D:1      | Reached XP level 2. HP: 21/24 MP: 1/1
   220 | D:1      | Reached XP level 3. HP: 4/30 MP: 2/2
   391 | D:1      | Reached skill level 1 in Armour
  1053 | D:2      | Found a sparkling altar of Nemelex Xobeh.
  1477 | D:2      | Reached XP level 4. HP: 37/37 MP: 3/3
  1564 | D:2      | Found an opulent altar of Gozag.
  1642 | D:2      | Found an ancient bone altar of Kikubaaqudgha.
  1643 | D:2      | Found a shimmering altar of Xom.
  1985 | D:3      | Killed from afar by an orc wizard

Illustrated notes

Levels and vault maps discovered:
D:1:      zaba_arrival_water, layout_rooms, serial_aquarium,
          aquarium_bridge_island_small [aquarium_subvault_small_water,
          aquarium_subvault_wall, aquarium_subvault_window,
          aquarium_subvault_wall, aquarium_subvault_bridge],
          aquarium_window_corner, aquarium_window_fake, aquarium_view_2c,
          aquarium_balcony_5b
D:2:      layout_basic, nicolae_gozag_cash_rules_everything_around_me,
          gammafunk_temple_overflow_statue, serial_forest,
          infiniplex_forest_clump_tiny, infiniplex_forest_fountain,
          infiniplex_forest_clump_large, infiniplex_forest_lined_4_way,
          infiniplex_forest_lined_3, minivault_19,
          nemelex_xobeh_ov_fountains_minmay
D:3:      layout_rooms

Skill      XL: |  1  2  3 |
---------------+----------+-----
Dodging        | 3 |  3.5
Long Blades    | 3 |  3.4
Armour         | 1 |  1.8
Fighting       | |  2.8
Throwing       | |  1.7

Action                   |  1- 3 |  4- 6 || total
-------------------------+-------+-------++-------
Melee: Long sword        |   123 |    53 ||   176
Throw: Throwing net      |       |     2 ||     2
  Use: Potion            |       |     4 ||     4
 Stab: Held in net/web   |       |     1 ||     1
Armor: Leather armour    |    36 |       ||    36
       Ring mail         |    22 |    46 ||    68
Dodge: Dodged            |   119 |    80 ||   199
       Rpst.: Long sword |    43 |    17 ||    60
